AoeStats
← MadCat

MegaRandom

509629764Analyzed
3v3 RM · 4d ago on Sep 27, 2026· 48m 37s· 6 players
Game mode
Random Map
Map size
Normal (6 player)
Population
200
Speed
Normal
Resources
Standard
Victory
Conquest
Starting age
Dark Age
Ending age
Imperial Age
RankedLock teamsTeams togetherTeam positionsShared explorationLock speedFull tech treeHidden civsTurbo modeCheats
Victory
Defeat
🇹🇭 Khmer · Thailand
1052
+16
🇹🇼 Danes · Taiwan
1051
+16
🇹🇼 Hindustanis · Taiwan
1038
+17
🇩🇪 Danes · Germany
1066
-17
🇩🇪 Saxons · Germany
1056
-16
🇩🇪 Mongols · Germany
1045
-16
寶島 Tiger 砲
14:26 Feudal Age
19:18 Castle Age
21:29 Loom
28:51 Fortified Wall
37:45 Imperial Age
35:54 Wheelbarrow
35:19 Horse Collar
37:12 Ballistics
39:39 Chemistry
38:54 Shatagni
39:15 Conscription
40:18 Hand Cart
39:49 Town Watch
40:32 Double-Bit Axe
43:28 Heavy Camel Rider
45:55 Husbandry
47:32 Padded Archer Armor
47:23 Fletching
寶島岡山之鬼
0:31 Loom
12:14 Feudal Age
16:11 Horse Collar
16:38 Double-Bit Axe
21:58 Castle Age
21:26 Wheelbarrow
21:36 Fletching
21:38 Stone Mining
22:26 Pikeman
23:06 Squires
24:04 Bow Saw
23:59 Town Watch
25:34 Hand Cart
26:12 Bodkin Arrow
26:47 Gold Mining
32:15 Imperial Age
31:32 Elite Skirmisher
32:15 Padded Archer Armor
33:39 Conscription
33:38 Bracer
36:04 Hamask
37:15 Leather Archer Armor
38:10 Halberdier
40:32 Ring Archer Armor
40:02 Scale Mail Armor
40:13 Forging
40:44 Halberdier
41:00 Hamask
43:04 Chain Mail Armor
43:25 Iron Casting
44:02 Arson
47:07 Plate Mail Armor
47:38 Blast Furnace
48:18 Elite Varangian Guard
48:44 Gambesons
SB 打碎小粉紅
11:08 Feudal Age
12:29 Wheelbarrow
11:48 Loom
16:13 Castle Age
14:23 Double-Bit Axe
14:26 Horse Collar
16:12 Gold Mining
17:41 Bloodlines
18:03 Bow Saw
21:46 Stone Mining
22:38 Heavy Plow
24:51 Hand Cart
25:32 Husbandry
26:47 Scale Barding Armor
27:56 Town Watch
28:37 Chain Barding Armor
29:09 Gold Shaft Mining
29:14 Forging
31:03 Iron Casting
31:55 Man-at-Arms
32:22 Arson
32:40 Scale Mail Armor
34:27 Chain Mail Armor
36:52 Imperial Age
34:59 Pikeman
36:47 Stone Shaft Mining
36:20 Padded Archer Armor
36:11 Fletching
37:03 Tusk Swords
38:23 Plate Barding Armor
38:15 Conscription
39:40 Crop Rotation
39:45 Double Crossbow
40:50 Elite Ballista Elephant
42:12 Ballistics
42:53 Chemistry
41:38 Light Cavalry
43:53 Blast Furnace
42:44 Hussar
47:25 Caravan
ColinMacLaren
9:09 Loom
10:55 Feudal Age
15:48 Castle Age
13:33 Horse Collar
17:23 Double-Bit Axe
19:02 Bow Saw
20:25 Heavy Plow
21:51 Wheelbarrow
24:04 Hand Cart
23:24 Man-at-Arms
24:06 Squires
24:10 Scale Mail Armor
24:21 Forging
32:28 Imperial Age
29:53 Long Swordsman
30:19 Gambesons
30:20 Arson
30:52 Chain Mail Armor
32:15 Town Watch
33:07 Iron Casting
32:32 Two-Handed Swordsman
33:44 Plate Mail Armor
33:47 Gold Mining
34:42 Conscription
33:46 Shield Wall
34:01 Elite Varangian Guard
35:31 Sanctity
35:12 Atonement
35:29 Block Printing
35:37 Guilds
35:46 Town Patrol
36:05 Champion
38:00 Devotion
38:31 Illumination
38:47 Theocracy
39:42 Two-Man Saw
38:18 Clerical Recruitment
39:19 Pikeman
40:22 Siege Engineers
41:53 Halberdier
42:40 Elite Hearth Troop
schnage
8:14 Loom
10:37 Feudal Age
11:59 Double-Bit Axe
19:07 Castle Age
18:06 Horse Collar
21:20 Wheelbarrow
22:28 Town Watch
22:41 Stone Mining
24:32 Pikeman
27:53 Fletching
28:04 Padded Archer Armor
28:16 Forging
28:02 Gambesons
28:20 Squires
35:27 Heavy Plow
38:01 Gold Mining
38:30 Bow Saw
41:23 Imperial Age
40:26 Gold Shaft Mining
39:53 Hamask
40:42 Scale Mail Armor
41:43 Iron Casting
41:10 Murder Holes
41:36 Ballistics
42:00 Chain Mail Armor
42:35 Conscription
44:29 Blast Furnace
43:26 Bodkin Arrow
43:47 Leather Archer Armor
43:50 Hand Cart
43:22 Northmen's Fury
43:46 Halberdier
44:56 Arson
44:57 Onager
46:51 Heavy Scorpion
47:12 Elite Jomsviking
MadCat
9:44 Loom
11:30 Feudal Age
13:47 Double-Bit Axe
16:27 Castle Age
14:17 Horse Collar
17:42 Bow Saw
17:39 Fletching
23:09 Padded Archer Armor
24:11 Town Watch
26:14 Ballistics
26:50 Heavy Plow
28:04 Bloodlines
29:25 Husbandry
34:35 Imperial Age
35:22 Wheelbarrow
35:13 Light Cavalry
36:05 Hussar
42:09 Conscription
42:45 Cavalier
Connection lost

Rejoining the realm…

Still unreachable

The connection could not be restored.

Session expired

The server has moved on; the page needs a fresh start.